 Dungeon Crawl Stone Soup version 0.29.1-13-g9f3cf754e1 (webtiles) character file.

Game seed: 9070384018148527648

29 KittyFluff the Trooper (level 3, -2/23 HPs)
             Began as a Gargoyle Berserker on Jan 21, 2023.
             Was a Believer of Trog.
             Killed from afar by Sigmund (12 damage)
             ... with a puff of flame
             ... on level 2 of the Dungeon.
             The game lasted 00:03:31 (1138 turns).

KittyFluff the Trooper (Gargoyle Berserker)         Turns: 1138, Time: 00:03:32

Health: -2/23      AC:  5    Str: 20    XL:     3   Next: 16%
Magic:  3/3        EV: 12    Int:  7    God:    Trog [**....]
Gold:   29         SH:  0    Dex: 11    Spells: 2/2 levels left

rFire   . . .      SeeInvis .   a - +0 mace
rCold   . . .      Faith    .   (no shield)
rNeg    + . .      Spirit   .   b - +0 animal skin
rPois   ∞          Reflect  .   (no helmet)
rElec   +          Harm     .   (no cloak)
rCorr   .          Rampage  .   (no gloves)
Will    .....                   (no boots)
Stlth   +.........              (no amulet)
HPRegen 0.07/turn               (no ring)
MPRegen 0.08/turn               (no ring)

@: no status effects
A: sickness immunity, AC +3, negative energy resistance 1, electricity
resistance, torment resistance 1, petrification resistance
a: Renounce Religion, Berserk, Trog's Hand


You were on level 2 of the Dungeon.
You worshipped Trog.
Trog was pleased with you.
You visited 1 branch of the dungeon, and saw 2 of its levels.

You collected 29 gold pieces.

Inventory:

Hand Weapons
 a - a +0 mace (weapon)
Missiles
 c - 13 stones (quivered)
 e - 2 boomerangs
Armour
 b - a +0 animal skin (worn)
Scrolls
 d - a scroll of enchant armour {unknown}
 f - a scroll of blinking {unknown}
 i - a scroll of identify {unknown}
Potions
 g - a potion of attraction {unknown}
 h - a potion of mutation {unknown}


   Skills:
 + Level 3.6 Fighting
 + Level 3.4 Maces & Flails
 * Level 2.8 Armour
 + Level 1.8 Dodging


You had 2 spell levels left.
You didn't know any spells.
Your spell library was empty.

Dungeon Overview and Level Annotations

Branches:
Dungeon (2/15)

Altars:

Annotations:
D:2 Sigmund


Innate Abilities, Weirdness & Mutations

You are immune to sickness and miasma.
Your stone body is resilient. (AC +3)
You are immune to poison.
You resist negative energy. (rN+)
You are resistant to electric shocks. (rElec)
You are resistant to unholy torment.
You are immune to petrification.


Message History

The quokka bites you. The quokka bites you.
You barely miss the quokka. The quokka closely misses you.
You completely miss the quokka. The quokka bites you.
The quokka bites you but does no damage.
You closely miss the quokka. The quokka barely misses you.
You hit the quokka but do no damage. The quokka completely misses you.
The quokka misses you.
You hit the quokka.
The quokka is moderately wounded.
The quokka bites you.
You barely miss the quokka.
The quokka is moderately wounded.
The quokka bites you but does no damage.
The quokka misses you.
You sock the quokka!
You kill the quokka!
Trog accepts your kill.
You see here a quokka corpse.
You start resting.
HP restored.
Found a Fen Folio.
Sigmund the Dreaded comes into view.
He is wielding a +4 scythe of venom.
Found 5 stones and a scroll labelled WIOCRU CUAG.
Sigmund shouts!
Sigmund gestures at you while chanting.
You are confused.
Sigmund says, "Look into my eyes."
Sigmund gestures at you while chanting. You resist with significant effort.
You feel less confused. Sigmund closely misses you.
Sigmund hits you with a +4 scythe of venom!
Ouch! That really hurt!
You hit Sigmund.
Sigmund is lightly wounded.
Sigmund points at you and mumbles some strange words.
The puff of flame hits you!
Ouch! That really hurt!
You die...

##.....####
..........#####
.......
.#.#..........#
....... ##..........#
....... ##.........#
......? #.........#
(...... #.........#
.......
#.........#####.......
##............@@......
#..†......#####.......
#<........# .......
#.........# #......
#.<.......# #.....
#.........# #####
##.......## ##.....##
#######


You could see Sigmund.

Vanquished Creatures
  4 ball pythons (D:1)
  4 bats
  3 endoplasms (D:1)
  5 giant cockroaches (D:1)
  A quokka (D:2)
  3 frilled lizards (D:1)
  4 kobolds (D:1)
  A rat (D:1)
25 creatures vanquished.

Notes
Turn   | Place    | Note
-------+----------+-------------------------------------------
     0 | D:1      | KittyFluff the Gargoyle Berserker began the quest for the
                  | Orb.
     0 | D:1      | Reached XP level 1. HP: 14/14 MP: 1/1
   276 | D:1      | Reached XP level 2. HP: 19/19 MP: 2/2
   867 | D:1      | Reached ** piety under Trog
   868 | D:1      | Reached XP level 3. HP: 21/23 MP: 3/3
  1128 | D:2      | Noticed Sigmund
  1138 | D:2      | Killed from afar by Sigmund

Illustrated notes

Levels and vault maps discovered:
D:1:      heliophobic_arrival_dark_side_of_the_moon, layout_basic,
          kennysheep_doodads, minmay_worlds_worst_comb
D:2:      layout_rooms, chequers_ecumenical_altar_simple, basic_altar,
          bh_walls_and_bars, uniq_sigmund

Action                   || total
-------------------------++-------
Melee: Mace              ||    68
       Punch             ||     1
Armor: Animal skin       ||    28
Dodge: Dodged            ||    50
